APP
MISSOULA OSPREY @ SAN DIEGO (APP) PADRES
10/28/2046
 
TOP OF THE 1ST
Carolina Mudcats batting - Pitching for Dunedin Blue Jays : RHP Dan Korte
Pitching: RHP Dan Korte
Batting: RHB Hisayuki Akiyama 0-0: Foul Ball, location: 2F
0-1: Ball
1-1: Foul Ball, location: 2F
1-2: SINGLE (Groundball, 13S, EV 70.6 MPH) (infield hit)
Batting: RHB Ike Trout 0-0: Hit by Pitch
Hisayuki Akiyama to second
Batting: RHB Xavier Davis 0-0: Foul Ball, location: 2F
0-1: Ball
1-1: Ball
2-1: Swinging Strike
2-2: Foul Ball, location: 2F
2-2: Strikes out swinging
Batting: LHB Jae-ik Soung 0-0: Called Strike
0-1: Foul Ball, location: 2F
0-2: Ball
1-2: Hit by Pitch
Hisayuki Akiyama to third
Ike Trout to second
Batting: SHB Richello Badua 0-0: Ball
1-0: Ball
2-0: Called Strike
2-1: Ball
3-1: SINGLE (Flyball, 8LS, EV 97.5 MPH)
Hisayuki Akiyama scores
Ike Trout to third
Jae-ik Soung to second
Batting: LHB Erik Gretzky 0-0: Ball
1-0: Foul Ball, location: 2F
1-1: Ball
2-1: Foul Ball, location: 2F
2-2: Ball
3-2: Strikes out swinging
Batting: RHB Joe Young 0-0: Foul Ball, location: 2F
0-1: Ball
1-1: Foul Ball, location: 2F
1-2: Foul Ball, location: 2F
1-2: Ball
2-2: Fielders Choice at 2nd, 6-4 (Groundball, 6, EV 104.4 MPH)
Top of the 1st over - 1 run, 2 hits, 0 errors, 3 left on base; Carolina 1 - Dunedin 0
BOTTOM OF THE 1ST
Dunedin Blue Jays batting - Pitching for Carolina Mudcats : LHP Andy Gaiser
Pitching: LHP Andy Gaiser
Batting: SHB Ryan Chicoine 0-0: Ball
1-0: Ball
2-0: Ground out U3 (Groundball, 3S, EV 68.8 MPH)
Batting: RHB Chris Martin 0-0: Ball
1-0: Called Strike
1-1: Ball
2-1: Called Strike
2-2: Ball
3-2: Strikes out swinging
Batting: LHB Devin Huber 0-0: Called Strike
0-1: Ball
1-1: Ball
2-1: Ball
3-1: SINGLE (Groundball, 34S, EV 68.8 MPH) (infield hit)
Batting: LHB Chaim Huting 0-0: Foul Ball, location: 2F
0-1: Ball
1-1: Ball
2-1: Ball
3-1: Swinging Strike
3-2: Fly out, F3 (Popup, 3SF, EV 71.9 MPH)
Bottom of the 1st over - 0 runs, 1 hit, 0 errors, 1 left on base; Carolina 1 - Dunedin 0
TOP OF THE 2ND
Carolina Mudcats batting - Pitching for Dunedin Blue Jays : RHP Dan Korte
Batting: LHB Ben Goldstein 0-0: Called Strike
0-1: Ball
1-1: Ball
2-1: Ball
3-1: Swinging Strike
3-2: DOUBLE (Line Drive, 7LM, EV 103.1 MPH)
Batting: RHB Josh McCormick 0-0: Ball
1-0: Foul Ball, location: 2F
1-1: Foul Ball, location: 2F
1-2: Foul Ball, location: 2F
1-2: Strikes out swinging
Batting: RHB Hisayuki Akiyama 0-0: Ball
1-0: Ball
2-0: Called Strike
2-1: Foul Ball, location: 2F
2-2: Strikes out swinging
Batting: RHB Ike Trout 0-0: Called Strike
0-1: Ball
1-1: Ball
2-1: Called Strike
2-2: Foul Ball, location: 2F
2-2: Fly out, F8 (Flyball, 78D, EV 91.2 MPH)
Top of the 2nd over - 0 runs, 1 hit, 0 errors, 1 left on base; Carolina 1 - Dunedin 0
BOTTOM OF THE 2ND
Dunedin Blue Jays batting - Pitching for Carolina Mudcats : LHP Andy Gaiser
Batting: RHB Butch Koglin 0-0: Foul Ball, location: 2F
0-1: Swinging Strike
0-2: Ball
1-2: Fly out, F8 (Flyball, 8RS, EV 88.8 MPH)
Batting: LHB Rodrigo Briceno 0-0: Ball
1-0: Foul Ball, location: 2F
1-1: Ball
2-1: Ball
3-1: Called Strike
3-2: Strikes out swinging
Batting: RHB Wade Diamond 0-0: Called Strike
0-1: Ball
1-1: Ball
2-1: Fly out, F9 (Flyball, 9, EV 91.2 MPH)
Bottom of the 2nd over - 0 runs, 0 hits, 0 errors, 0 left on base; Carolina 1 - Dunedin 0
TOP OF THE 3RD
Carolina Mudcats batting - Pitching for Dunedin Blue Jays : RHP Dan Korte
Batting: RHB Xavier Davis 0-0: Ground out 5-3 (Groundball, 56S, EV 91.9 MPH)
Batting: LHB Jae-ik Soung 0-0: Foul Ball, location: 2F
0-1: Ball
1-1: Ball
2-1: Swinging Strike
2-2: Strikes out swinging
Batting: SHB Richello Badua 0-0: Ball
1-0: Swinging Strike
1-1: Swinging Strike
1-2: Ball
2-2: Ball
3-2: Foul Ball, location: 2F
3-2: Strikes out swinging
Top of the 3rd over - 0 runs, 0 hits, 0 errors, 0 left on base; Carolina 1 - Dunedin 0
BOTTOM OF THE 3RD
Dunedin Blue Jays batting - Pitching for Carolina Mudcats : LHP Andy Gaiser
Batting: RHB Frank Caulfield 0-0: Called Strike
0-1: Swinging Strike
0-2: Strikes out swinging
Batting: RHB Luis Reyes 0-0: Ball
1-0: Ground out U3 (Groundball, 34, EV 86.9 MPH)
Batting: SHB Ryan Chicoine 0-0: Swinging Strike
0-1: Swinging Strike
0-2: Strikes out swinging
Bottom of the 3rd over - 0 runs, 0 hits, 0 errors, 0 left on base; Carolina 1 - Dunedin 0
TOP OF THE 4TH
Carolina Mudcats batting - Pitching for Dunedin Blue Jays : RHP Dan Korte
Batting: LHB Erik Gretzky 0-0: Called Strike
0-1: Ball
1-1: Foul Ball, location: 2F
1-2: Ball
2-2: Ball
3-2: Strikes out looking
Batting: RHB Joe Young 0-0: Called Strike
0-1: Called Strike
0-2: Ball
1-2: Ball
2-2: Strikes out swinging
Batting: LHB Ben Goldstein 0-0: Ball
1-0: Fly out, F7 (Flyball, 7, EV 78.1 MPH)
Top of the 4th over - 0 runs, 0 hits, 0 errors, 0 left on base; Carolina 1 - Dunedin 0
BOTTOM OF THE 4TH
Dunedin Blue Jays batting - Pitching for Carolina Mudcats : LHP Andy Gaiser
Batting: RHB Chris Martin 0-0: Called Strike
0-1: Ball
1-1: Ball
2-1: Called Strike
2-2: Foul Ball, location: 2F
2-2: Foul Ball, location: 2F
2-2: Ball
3-2: Foul Ball, location: 2F
3-2: SINGLE (Line Drive, 56, EV 103.8 MPH)
Batting: LHB Devin Huber 0-0: Called Strike
0-1: Hit by Pitch
Chris Martin to second
Batting: LHB Chaim Huting 0-0: Foul Ball, location: 2F
0-1: Foul Ball, location: 2F
0-2: SINGLE (Groundball, 6MD, EV 103.8 MPH)
Chris Martin to third
Devin Huber to second
Batting: RHB Butch Koglin 0-0: Foul Ball, location: 2F
0-1: Ball
1-1: Foul Ball, location: 2F
1-2: Strikes out swinging
Pinch Hitting: RHB Norm Mercer 0-0: Called Strike
0-1: Called Strike
0-2: Ball
1-2: Ball
2-2: Strikes out swinging
Batting: RHB Wade Diamond 0-0: Swinging Strike
0-1: Ball
1-1: Called Strike
1-2: DOUBLE (Line Drive, 89XD, EV 105.0 MPH)
Chris Martin scores
Devin Huber scores
Chaim Huting to third
Batting: RHB Frank Caulfield 0-0: Ground out U3 (Groundball, 3L, EV 88.1 MPH)
Bottom of the 4th over - 2 runs, 3 hits, 0 errors, 2 left on base; Carolina 1 - Dunedin 2
TOP OF THE 5TH
Carolina Mudcats batting - Pitching for Dunedin Blue Jays : RHP Dan Korte
Now at 1B: Ivan Ramirez
Batting: RHB Josh McCormick 0-0: Swinging Strike
0-1: Ball
1-1: Hit by Pitch
Batting: RHB Hisayuki Akiyama 0-0: Ball
1-0: Fly out, F7 (Flyball, 7LSF, EV 84.4 MPH)
Batting: RHB Ike Trout 0-0: Grounds into double play, 6-4-3 (Groundball, 6, EV 84.4 MPH)
Top of the 5th over - 0 runs, 0 hits, 0 errors, 0 left on base; Carolina 1 - Dunedin 2
BOTTOM OF THE 5TH
Dunedin Blue Jays batting - Pitching for Carolina Mudcats : LHP Andy Gaiser
Batting: RHB Luis Reyes 0-0: Swinging Strike
0-1: Ball
1-1: Called Strike
1-2: Strikes out swinging
Batting: SHB Ryan Chicoine 0-0: Called Strike
0-1: Ball
1-1: Swinging Strike
1-2: Ball
2-2: Fly out, F8 (Flyball, 8RD, EV 105.0 MPH)
Batting: RHB Chris Martin 0-0: Called Strike
0-1: SINGLE (Line Drive, 7S, EV 99.4 MPH)
Batting: LHB Devin Huber 0-0: Ball
1-0: SINGLE (Line Drive, 8LS, EV 100.6 MPH)
Chris Martin to second
Runner from 2nd tries for 3rd, OUT! 8-5
Bottom of the 5th over - 0 runs, 2 hits, 0 errors, 1 left on base; Carolina 1 - Dunedin 2
TOP OF THE 6TH
Carolina Mudcats batting - Pitching for Dunedin Blue Jays : RHP Dan Korte
Batting: RHB Xavier Davis 0-0: Fly out, F7 (Flyball, 7, EV 96.2 MPH)
Batting: LHB Jae-ik Soung 0-0: Ball
1-0: Called Strike
1-1: Foul Ball, location: 2F
1-2: Strikes out swinging
Batting: SHB Richello Badua 0-0: Called Strike
0-1: SINGLE (Groundball, P, EV 85.0 MPH) (infield hit)
Batting: LHB Erik Gretzky 0-0: Called Strike
Richello Badua steals 2nd base
0-1: Swinging Strike
0-2: Foul Ball, location: 2F
0-2: Strikes out looking
Top of the 6th over - 0 runs, 1 hit, 0 errors, 1 left on base; Carolina 1 - Dunedin 2
BOTTOM OF THE 6TH
Dunedin Blue Jays batting - Pitching for Carolina Mudcats : LHP Andy Gaiser
Batting: LHB Chaim Huting 0-0: Foul Ball, location: 2F
0-1: Ball
1-1: Swinging Strike
1-2: Ball
2-2: Strikes out swinging
Pitching: LHP John Grinter
Batting: RHB Butch Koglin 0-0: Ball
1-0: Ball
2-0: Called Strike
2-1: Swinging Strike
2-2: Strikes out swinging
Batting: RHB Ivan Ramirez 0-0: Ball
1-0: Foul Ball, location: 2F
1-1: Reached on error, E4 (Groundball, 6M, EV 100.6 MPH)
Batting: RHB Wade Diamond 0-0: Called Strike
0-1: Ball
1-1: Foul Ball, location: 2F
1-2: Strikes out swinging
Bottom of the 6th over - 0 runs, 0 hits, 1 error, 1 left on base; Carolina 1 - Dunedin 2
TOP OF THE 7TH
Carolina Mudcats batting - Pitching for Dunedin Blue Jays : RHP Dan Korte
Pitching: RHP Andres Lozano
Now in LF: Justin Powell
Batting: RHB Joe Young 0-0: Ball
1-0: Ball
2-0: Swinging Strike
2-1: Ball
3-1: Foul Ball, location: 2F
3-2: Strikes out swinging
Pitching: LHP Dylan Batstone
Now in LF: Bryan Mattis
Now in RF: Justin Powell
Batting: LHB Ben Goldstein 0-0: Called Strike
0-1: Ball
1-1: Foul Ball, location: 2F
1-2: Fly out, F8 (Line Drive, 8LD, EV 90.0 MPH)
Batting: RHB Josh McCormick 0-0: Called Strike
0-1: Ball
1-1: Fly out, F8 (Flyball, 8RM, EV 84.4 MPH)
Top of the 7th over - 0 runs, 0 hits, 0 errors, 0 left on base; Carolina 1 - Dunedin 2
BOTTOM OF THE 7TH
Dunedin Blue Jays batting - Pitching for Carolina Mudcats : LHP John Grinter
Batting: RHB Frank Caulfield 0-0: Foul Ball, location: 2F
0-1: Ball
1-1: Ground out 4-3 (Groundball, 4, EV 81.9 MPH)
Batting: RHB Luis Reyes 0-0: Foul Ball, location: 2F
0-1: Ball
1-1: Foul Ball, location: 2F
1-2: Strikes out swinging
Batting: SHB Ryan Chicoine 0-0: Ball
1-0: Ball
2-0: Ball
3-0: Called Strike
3-1: Base on Balls
Batting: RHB Chris Martin 0-0: Called Strike
0-1: Called Strike
Ryan Chicoine steals 2nd base
0-2: Ball
1-2: Fly out, F5 (Line Drive, 5, EV 68.1 MPH)
Bottom of the 7th over - 0 runs, 0 hits, 0 errors, 1 left on base; Carolina 1 - Dunedin 2
TOP OF THE 8TH
Carolina Mudcats batting - Pitching for Dunedin Blue Jays : LHP Dylan Batstone
Now in CF: Justin Powell
Now in RF: Frank Nelson
Batting: RHB Hisayuki Akiyama 0-0: Ball
1-0: Foul Ball, location: 2F
1-1: Called Strike
1-2: Ball
2-2: Foul Ball, location: 2F
2-2: Foul Ball, location: 2F
2-2: Fly out, F9 (Flyball, 9S, EV 96.2 MPH)
Batting: RHB Ike Trout 0-0: Foul Ball, location: 2F
0-1: Ball
1-1: Ball
2-1: Ball
3-1: Foul Ball, location: 2F
3-2: Base on Balls
Batting: RHB Xavier Davis 0-0: Foul Ball, location: 2F
0-1: Foul Ball, location: 2F
0-2: Ball
1-2: Ball
2-2: Fly out, F4 (Line Drive, 4, EV 70.6 MPH)
Batting: LHB Jae-ik Soung 0-0: Ball
1-0: Foul Ball, location: 2F
1-1: Fly out, F9 (Flyball, 9S, EV 87.5 MPH)
Top of the 8th over - 0 runs, 0 hits, 0 errors, 1 left on base; Carolina 1 - Dunedin 2
BOTTOM OF THE 8TH
Dunedin Blue Jays batting - Pitching for Carolina Mudcats : LHP John Grinter
Pitching: RHP Andy Kiefer
Batting: RHB Justin Powell 0-0: Ground out 4-3 (Groundball, 4, EV 83.8 MPH)
Batting: RHB Bryan Mattis 0-0: Fly out, F9 (Flyball, 9, EV 85.6 MPH)
Batting: RHB Butch Koglin 0-0: Foul Ball, location: 2F
0-1: Foul Ball, location: 2F
0-2: Ball
1-2: Foul Ball, location: 2F
1-2: Ball
2-2: Ground out 6-3 (Groundball, 56, EV 81.9 MPH)
Bottom of the 8th over - 0 runs, 0 hits, 0 errors, 0 left on base; Carolina 1 - Dunedin 2
TOP OF THE 9TH
Carolina Mudcats batting - Pitching for Dunedin Blue Jays : LHP Dylan Batstone
Pitching: RHP Sergio Valdivia
Now in LF: Justin Powell
Now in CF: Brock Van Gilder
Batting: SHB Richello Badua 0-0: Ball
1-0: Ball
2-0: Foul Ball, location: 2F
2-1: Ball
3-1: DOUBLE (Line Drive, 9LM, EV 112.5 MPH) - OUT at third base trying to stretch hit.
Batting: LHB Erik Gretzky 0-0: Ball
1-0: Ball
2-0: Called Strike
2-1: Ball
3-1: Called Strike
3-2: Foul Ball, location: 2F
3-2: SINGLE (Groundball, 6D, EV 101.2 MPH)
Batting: RHB Joe Young 0-0: Ball
1-0: Fly out, F8 (Flyball, 8LM, EV 77.5 MPH)
Batting: LHB Ben Goldstein 0-0: Ground out 4-3 (Groundball, 4, EV 107.5 MPH)
Top of the 9th over - 0 runs, 2 hits, 0 errors, 1 left on base; Carolina 1 - Dunedin 2
Tuesday, September 13th , 2022 - OOTP Baseball 23.7 Build 88